 Dungeon Crawl Stone Soup version 0.19.4-9-g45fd643 (webtiles) character file.

41 LORDOFBUTT the Ducker (level 3, 0/19 HPs)
             Began as a Spriggan Monk on Feb 17, 2017.
             Slain by an adder (3 damage)
             ... on level 2 of the Dungeon.
             The game lasted 00:01:10 (812 turns).

LORDOFBUTT the Ducker (Spriggan Monk)                Turns: 812, Time: 00:01:10

Health: 0/19       AC:  2    Str:  8    XL:     3   Next: 32%
Magic:  4/4        EV: 27    Int: 11    God:
Gold:   67         SH:  0    Dex: 23    Spells: 0 memorised, 2 levels left

rFire  + . .     SeeInvis +     a - +0 short sword
rCold  + . .     Gourm    .     b - +0 robe
rNeg   . . .     Faith    .     (shield restricted)
rPois  +         Spirit   .     (helmet restricted)
rElec  +         Reflect  .     (no cloak)
rCorr  +         Harm     .     (gloves unavailable)
MR     +....                    (boots unavailable)
Stlth  ++++......               (no amulet)
                                (no ring)
                                (no ring)

@: agile, lethally poisoned (0 -> -3), resistant, very quick
A: unfitting armour, talons 2, see invisible, herbivore 3, speed 3, magic
resistance 1, slow metabolism 2
a: no special abilities


You were on level 2 of the Dungeon.
You were not hungry.

You visited 1 branch of the dungeon, and saw 2 of its levels.

You collected 67 gold pieces.

Inventory:

Hand Weapons
 a - a +0 short sword (weapon)
Armour
 b - a +0 robe (worn)
Scrolls
 d - 2 scrolls of random uselessness {unknown}
 e - a scroll of teleportation {unknown}
 h - 3 scrolls of identify {unknown}
 j - a scroll of amnesia {unknown}
 k - a scroll of immolation {unknown}
Potions
 f - a potion of agility
Comestibles
 c - 2 bread rations


   Skills:
 + Level 2.8 Fighting
 + Level 4.0 Short Blades
 + Level 5.1 Dodging
 - Level 3.0 Stealth


You had 2 spell levels left.
You didn't know any spells.

Dungeon Overview and Level Annotations

Branches:
Dungeon (2/15)

Altars:


Innate Abilities, Weirdness & Mutations

You are very small and have problems with some larger weapons.
You are too small for most types of armour.
You have supernaturally acute eyesight. (SInv)
You are a herbivore.
You cover ground extremely quickly.
You need consume almost no food.
You have razor-sharp toenails.
You are resistant to hostile enchantments. (MR+)


Message History

You miss the adder.
The adder is moderately wounded.
The adder misses you.
It was a potion of agility.
You feel agile all of a sudden.
You feel sick. The adder bites you.
* * * LOW HITPOINT WARNING * * *
The adder closely misses you.
It was a potion of resistance.
You feel protected.
It was a potion of mutation.
You feel extremely strange.
Your toenails lengthen and sharpen. x2
You feel resistant to hostile enchantments.
* * * LOW HITPOINT WARNING * * *
You feel sick. The adder closely misses you.
Okay, then.
You hit the adder.
The adder is heavily wounded.
The adder barely misses you. The adder bites you.
You die...

#.###.# #######.# #.#
#.......# #.# #.#....####.#
#.........#.#########
#.....###.#.#........
#......##.#.#........
########.####.#.............
..........S@#.####..........
##........#.#....#..........
#........#...##.#..........
#........###.##.#..........
..#........#
#.##.#.##.######
#.#........#
#.#..#........##
..####.######.#.####.####...
#.# #.....##.#.# #.†.##..#
#..######.....#.######.#....


You could see an adder.

Vanquished Creatures
  An adder (D:2)
  A worm (D:2)
  2 leopard geckos (D:1)
  A ball python (D:1)
  A bat (D:1)
  4 goblins (D:1)
  6 hobgoblins
  3 kobolds
  2 frilled lizards
  6 rats
27 creatures vanquished.

Notes
Turn   | Place    | Note
-------+----------+-------------------------------------------
     0 | D:1      | LORDOFBUTT the Spriggan Monk began the quest for the Orb.
     0 | D:1      | Reached XP level 1. HP: 11/11 MP: 2/2
   237 | D:1      | Reached XP level 2. HP: 12/16 MP: 3/3
   674 | D:2      | Reached XP level 3. HP: 15/19 MP: 4/4
   753 | D:2      | Reached skill level 5 in Dodging
   811 | D:2      | Gained mutation: You have sharp toenails. [potion of mutation]
   811 | D:2      | Gained mutation: You have razor-sharp toenails. [potion of mutation]
   811 | D:2      | Gained mutation: You are resistant to hostile enchantments. (MR+) [potion of mutation]
   812 | D:2      | Slain by an adder

Skill      XL: |  1  2  3 |
---------------+----------+-----
Short Blades   | 4 |  4.0
Dodging        | 5 |  5.1
Fighting       | |  2.8
Stealth        | |  3.0

Action                   || total
-------------------------++-------
Melee: Short sword       ||   116
  Use: Potion            ||     3
 Stab: Sleeping          ||     6
Armor: Robe              ||     4
Dodge: Dodged            ||    94
